 Dungeon Crawl Stone Soup version 0.28-a0-655-g4eb62b627b (webtiles) character file.

Game seed: 704599701265101699

28 meatgazer the Unweaver (level 2, 0/24 HPs)
             Began as a Demonspawn Abyssal Knight on Oct 12, 2021.
             Was a Follower of Lugonu.
             Slain by a jackal (3 damage)
             ... on level 2 of the Dungeon.
             The game lasted 00:01:57 (1164 turns).

meatgazer the Unweaver (Demonspawn Abyssal Knight)  Turns: 1164, Time: 00:01:58

Health: 0/24       AC:  5    Str: 13    XL:     2   Next: 96%
Magic:  4/4        EV: 11    Int: 11    God:    Lugonu [*.....]
Gold:   23         SH:  0    Dex: 13    Spells: 1/1 levels left

rFire   . . .      SeeInvis .   a - +1 spear
rCold   . . .      Faith    .   (no shield)
rNeg    . . .      Spirit   .   b - +0 leather armour
rPois   .          Reflect  .   (no helmet)
rElec   .          Harm     .   (no cloak)
rCorr   .          Rampage  .   (no gloves)
Will    .....                   d - +1 pair of boots
Stlth   +.........              (no amulet)
HPRegen 0.08/turn               (no ring)
MPRegen 0.09/turn               (no ring)

@: hasted, very quick
A: powered by pain 1
a: Renounce Religion, Depart the Abyss


You were on level 2 of the Dungeon.
You worshipped Lugonu.
Lugonu was aware of your devotion.
You visited 1 branch of the dungeon, and saw 2 of its levels.
You visited the Abyss 1 time.

You collected 23 gold pieces.

Inventory:

Hand Weapons
 a - a +1 spear (weapon)
Armour
 b - a +0 leather armour (worn)
 d - a +1 pair of boots (worn)
Scrolls
 h - 2 scrolls of identify
Miscellaneous
 e - a condenser vane (inert)


   Skills:
 + Level 3.2 Fighting
 + Level 2.1 Polearms
 - Level 1.7 Armour
 - Level 0.8 Dodging
 * Level 3.4 Invocations
 + Level 1.0 Evocations


You had one spell level left.
You didn't know any spells.
Your spell library contained the following spells:

 Spells                   Type           Power      Damage    Failure   Level
 Animate Skeleton         Necr           0%         N/A       41%         1
 Apportation              Tloc           0%         N/A       41%         1
 Summon Small Mammal      Summ           0%         N/A       41%         1


Dungeon Overview and Level Annotations

Branches:
Dungeon (2/15)

Altars:


Innate Abilities, Weirdness & Mutations

You sometimes gain a little power by taking damage.


Message History

An adder comes into view.
You barely miss the jackal.
The adder hisses angrily.
The jackal misses you. The jackal bites you.
* * * LOW HITPOINT WARNING * * *
You barely miss the jackal.
The jackal bites you but does no damage.
You barely miss the jackal.
You feel your willpower return. The jackal closely misses you.
The jackal bites you but does no damage.
You hit the jackal.
The jackal is lightly wounded.
The jackal bites you but does no damage.
You miss the jackal.
The jackal is lightly wounded.
The jackal bites you but does no damage.
Okay, then.
You feel yourself speed up. The jackal misses you.
The jackal barely misses you.
You see here a worm corpse.
You see here 14 sling bullets.
You barely miss the jackal.
The jackal is lightly wounded.
The jackal bites you but does no damage.
You hit the jackal.
The jackal is heavily wounded.
The jackal barely misses you.
You barely miss the jackal.
The jackal is heavily wounded.
The jackal bites you but does no damage.
You completely miss the jackal.
The jackal is heavily wounded.
You closely miss the jackal.
The jackal is heavily wounded.
The jackal bites you but does no damage.
You hit the jackal.
The jackal is severely wounded.
The jackal bites you.
You die...

###########.#
#<..S)....!..
#S####.......
#†# ...##..
###(# #.##
#@hS# ..
##### ..# .#
..


You could see an adder and a jackal.

Vanquished Creatures
  A worm (D:2)
  2 endoplasms (D:1)
  4 goblins
  3 hobgoblins (D:1)
  3 quokkas (D:1)
  5 bats (D:1)
  4 kobolds (D:1)
  A rat (D:1)
23 creatures vanquished.

Vanquished Creatures (others)
  2 fungi (D:1)
  2 plants (D:1)
4 creatures vanquished.

Grand Total: 27 creatures vanquished

Notes
Turn   | Place    | Note
-------+----------+-------------------------------------------
     0 | Abyss:1  | meatgazer the Demonspawn Abyssal Knight began the quest for
                  | the Orb.
     0 | Abyss:1  | Reached XP level 1. HP: 18/18 MP: 2/2
    18 | Abyss:2  | Noticed a large abomination
    34 | D:1      | Escaped the Abyss
   190 | D:1      | Found a faded altar of an unknown god.
   195 | D:1      | Reached * piety under Lugonu
   203 | D:1      | Gained mutation: You sometimes gain a little power by
                  | taking damage. [demonic ancestry]
   203 | D:1      | Reached XP level 2. HP: 20/24 MP: 4/4
  1142 | D:2      | Reached skill level 1 in Evocations
  1164 | D:2      | Slain by a jackal

Illustrated notes

Levels and vault maps discovered:
D:1:      lightli_arrival_windingriver, layout_basic,
          dreamdust_ecumenical_altar_grove, columned_hall_lemuel,
          nrook_mini_backslash
D:2:      layout_loops_ring, uniq_crazy_yiuf_cottage

Skill      XL: |  1  2 |
---------------+-------+-----
Invocations    | 3 |  3.4
Polearms       | 2 |  2.1
Evocations     | 1 |  1.0
Fighting       | |  3.2
Armour         | |  1.7
Dodging        | |  0.8

Action                   || total
-------------------------++-------
Melee: Spear             ||    87
Invok: Depart the Abyss  ||     1
Evoke: Condenser vane    ||     1
  Use: Scroll            ||     6
       Potion            ||     1
 Stab: Sleeping          ||     1
Armor: Leather armour    ||    15
Dodge: Dodged            ||    27

Table legend: (Time is in decaauts)
 A = Elapsed time spent in this place.
 B = Non-inter-level travel time spent in this place.
 C = Inter-level travel time spent in this place.
 D = Time resting spent in this place.
 E = Time spent auto-exploring this place.
 F = Levels seen in this place.
 G = Mean time per level.
                   A        B        C        D        E       F      G
               +--------+--------+--------+--------+--------+-----+--------+
         Total |   1161 |   1159 |      2 |    322 |    653 |   4 |  290.2 |
       Dungeon |   1127 |   1125 |      2 |    322 |    641 |   2 |  563.5 |
         Abyss |     33 |     33 |      0 |      0 |     12 |   2 |   16.5 |
               +--------+--------+--------+--------+--------+-----+--------+

Top non-repeatable levels by time:
     D:1: 1070 daAuts
     D:2: 56 daAuts
 Abyss:2: 31 daAuts
 Abyss:1: 2 daAuts
